 Dungeon Crawl Stone Soup version bcrawl-1.32 (webtiles) character file.

Game seed: 9635230065405595838

361928 Morbidden the Grappler (level 12, -4/106 HPs)
             Began as a White Draconian Archaeologist on June 23, 2021.
             Was an Elder of Vehumet.
             Slain by a cane toad (21 damage)
             ... on level 1 of the Lair of Beasts.
             The game lasted 00:20:27 (12748 turns).

Morbidden the Grappler (DrAc)                      Turns: 12748, Time: 00:20:28

Health: -4/106     AC: 18    Str: 15    XL:     12   Next: 0%
Magic:  20/20      EV: 20    Int: 16    God:    Vehumet [****..]
Gold:   757        SH:  0    Dex: 12    Spells: 15/22 levels left

rFire    . . .     SeeInvis .     - Fists (19.6)
rCold    + . .     Gourm    .   (no shield)
rNeg     . . .     Faith    .   (armour unavailable)
rPois    .         Spirit   .   c - +1 hat
rElec    .         Reflect  .   f - +0 cloak
rCorr    .         Harm     .   s - +0 pair of gloves
MR       .....                  H - +2 pair of boots {run}
Stlth    +++.......             (no amulet)
HPRegen  0.27/turn              u - +4 ring of protection
MPRegen  0.17/turn              x - +4 ring of evasion

@: lethally poisoned (-4 -> -27), studying Conjurations, quick
A: breathe frost, unfitting armour, cold resistance 1, cold-blooded, AC +8
a: Breathe Frost, Renounce Religion


You were on level 1 of the Lair of Beasts.
You worshipped Vehumet.
Vehumet was greatly pleased with you.
You were not hungry.

You visited 3 branches of the dungeon, and saw 13 of its levels.
You also visited: Ossuary.

You collected 877 gold pieces.
You spent 120 gold pieces at shops.

Inventory:

Hand Weapons
 b - a +3 hunting sling of freezing
 v - a +0 blowgun
Missiles
 h - a curare-tipped needle
 l - 227 poisoned needles
 p - a throwing net {=f}
 w - 744 sling bullets
 E - 185 poisoned tomahawks (quivered)
Armour
 c - a +1 hat (worn)
 f - a +0 cloak (worn)
 s - a +0 pair of gloves (worn)
 H - a +2 pair of boots of running (worn)
Jewellery
 u - a +4 ring of protection (left hand)
 x - a +4 ring of evasion (right hand)
 C - an uncursed ring of flight
 K - an uncursed ring of magical power
Wands
 d - a wand of paralysis (15)
 F - a wand of iceblast (8)
 G - a wand of acid (5)
Scrolls
 i - 3 scrolls of identify
 m - 2 scrolls of noise {unknown}
 n - 8 scrolls of teleportation
 t - 4 scrolls of amnesia
 y - 2 scrolls of fear {unknown}
 z - 6 scrolls of remove curse
 A - a scroll of enchant armour {unknown}
 B - a scroll of enchant weapon
 D - 2 scrolls of immolation
 J - a scroll of fog {unknown}
 L - 2 scrolls of silence {unknown}
 M - a scroll of blinking
 N - a scroll of magic mapping
 O - a scroll of vulnerability {unknown}
Potions
 a - 2 potions of curing
 g - a potion of haste {unknown}
 j - 7 potions of brilliance
 k - 2 potions of lignification {unknown}
 o - 3 potions of flight
 q - a potion of agility
 r - a potion of berserk rage
 I - a potion of invisibility {unknown}
 P - a potion of heal wounds
Comestibles
 e - 15 rations {!d}


   Skills:
 * Level 9.9 Fighting
   Level 1.0 Maces & Flails
 + Level 4.3(4.4) Slings
 + Level 1.2(3.0) Throwing
 * Level 8.3 Dodging
 + Level 4.7 Stealth
 * Level 11.7 Unarmed Combat
 * Level 5.8 Spellcasting
 * Level 4.3 Conjurations
 + Level 0.1 Evocations


You had 15 spell levels left.
You knew the following spells:

 Your Spells              Type           Power        Failure   Level  Hunger
a - Stone Arrow           Conj/Erth      ##....       4%          3    ##.....
b - Sticky Flame          Conj/Fire      ##......     16%         4    ####...
Your spell library was empty.

Dungeon Overview and Level Annotations

Branches:
Dungeon (11/12)            Temple (1/1) D:4            Lair (1/6) D:7
    Orc (0/1) D:10
 Vaults: D:11-12

Altars:
Ashenzari
Cheibriados
Dithmenos
Elyvilon
Fedhas
Gozag
Hepliaklqana
Kikubaaqudgha
Lugonu
Makhleb
Nemelex Xobeh
Okawaru
Qazlal
Ru
Sif Muna
Trog
Uskayaw
Vehumet
Wu Jian
Xom
Yredelemnul
Zin
The Shining One

Shops:
D:6 [   D:8 [

Annotations:
D:11 Sonja


Innate Abilities, Weirdness & Mutations

You can breathe waves of freezing cold.
You can buffet flying creatures when you breathe cold.
Your icy white scales are hard. (AC +8)
You cannot fit into any form of body armour.
Your flesh is cold resistant. (rC+)
You are cold-blooded and may be slowed by cold attacks.


Message History

The cane toad is severely wounded.
You feel sick. The wolf closely misses you.
You closely miss the cane toad.
You tail-slap the cane toad, but do no damage.
The cane toad is severely wounded.
The cane toad hits you! The wolf completely misses you.
You barely miss the cane toad.
Your tail-slap misses the cane toad.
The cane toad is severely wounded.
You feel sick. The wolf barely misses you. The cane toad barely misses you.
You closely miss the cane toad.
The cane toad is severely wounded.
You feel sick. The wolf bites you. The cane toad hits you!!
* * * LOW HITPOINT WARNING * * *
You are lethally poisoned!
The cane toad poisons you! The wolf barely misses you.
You hit the cane toad.
The cane toad is severely wounded.
* * * LOW HITPOINT WARNING * * *
You feel sick. The wolf bites you but does no damage. The cane toad hits you!!
You die...

...#.........+..
...#.........#..
..P............
..............
#.........#..
#............
#.........# .###
#.^..†F...#...... .
#....@h...#......
..#.##..###+#......
...................
....................
....................
................##.#
...#####.##....#...
... ###P........ ..
## #.....#...


You could see a cane toad and a wolf.

Vanquished Creatures
  A vault guard (D:11)
  Erolcha (D:9)
  A hydra (D:11)
  A centaur warrior (D:9)
  An ugly thing (D:11)
  2 centaur zombies
  A gargoyle (D:11)
  A komodo dragon (D:6)
  3 trolls
  2 meliai (D:10)
  A queen bee (shapeshifter) (D:7)
  A slime creature (D:8)
  4 hippogriffs
  A shadow (D:10)
  A wraith (D:8)
  A wyvern (D:9)
  A human (D:8)
  4 hogs (D:8)
  A vampire mosquito (D:11)
  2 hungry ghosts
  Eustachio (D:4)
  A steam dragon (D:9)
  A warg (D:10)
  5 ice beasts
  4 orc warriors
  2 water moccasins
  A black bear (D:10)
  5 sky beasts
  6 wolves
  An eye of draining (D:8)
  4 necrophages (D:8)
  4 ogres
  A centaur (D:7)
  3 bullfrogs
  A big kobold (D:9)
  2 elf zombies (D:8)
  An elf skeleton (D:8)
  2 scorpions
  11 killer bees
  An electric eel (D:7)
  A troll skeleton (D:8)
  2 howler monkeys
  4 crimson imps
  Crazy Yiuf (D:4)
  A bullfrog zombie (D:6)
  8 orc wizards
  2 human zombies
  7 orc priests
  8 hounds
  Natasha (thrice) (D:4)
  2 bullfrog skeletons
  2 human skeletons (D:8)
  8 iguanas
  4 centaur skeletons
  8 worker ants
  5 big kobold zombies (Ossuary)
  A killer bee zombie (D:8)
  A hound skeleton (D:8)
  3 mummies
  7 adders
  A shadow imp (D:10)
  2 oozes
  An adder zombie (D:8)
  3 adder skeletons
  2 dart slugs (D:1)
  A worm (D:6)
  5 leopard geckos
  34 orcs
  7 bats
  3 giant cockroaches
  7 goblins
  7 hobgoblins
  9 jackals
  A ball python (D:1)
  10 frilled lizards
  2 gnoll zombies (Ossuary)
  4 goblin zombies (Ossuary)
  A hobgoblin zombie (Ossuary)
  13 kobolds
  An orc zombie (Ossuary)
  4 rats
  A spectral kobold (D:6)
285 creatures vanquished.

Notes
Turn   | Place    | Note
-------+----------+-------------------------------------------
     0 | D:1      | Morbidden the Draconian Archaeologist began the quest for
                  | the Orb.
     0 | D:1      | Reached XP level 1. HP: 16/16 MP: 1/1
   232 | D:1      | Reached XP level 2. HP: 6/23 MP: 2/2
   754 | D:1      | Reached XP level 3. HP: 29/29 MP: 3/3
  1688 | D:2      | Reached skill level 1 in Unarmed Combat
  1835 | D:2      | Reached XP level 4. HP: 35/36 MP: 4/4
  2114 | D:2      | Found a stormy altar of Qazlal.
  2184 | D:3      | Noticed an orc warrior
  2471 | D:3      | Killed an orc warrior
  2472 | D:3      | Reached XP level 5. HP: 33/45 MP: 5/5
  2472 | D:3      | Identified a scroll of acquirement
  2642 | D:3      | Found a shattered altar of Ashenzari.
  2722 | D:3      | Reached skill level 2 in Unarmed Combat
  2866 | D:3      | Found a burning altar of Makhleb.
  3196 | D:4      | Found a staircase to the Ecumenical Temple.
  3200 | D:4      | Noticed Eustachio
  3201 | D:4      | Noticed Natasha
  3249 | Temple   | Entered the Ecumenical Temple
  3399 | Temple   | Became a worshipper of Vehumet
  3453 | D:4      | Noticed an orc warrior
  3455 | D:4      | Got a faintly glowing platinum amulet
  3475 | D:4      | Found a sand-covered staircase.
  3479 | Ossuary  | Entered an ossuary
  3480 | Ossuary  | Identified the amulet of Gelown {Inacc rN++ Str-3} (You
                  | found it on level 4 of the Dungeon)
  3521 | Ossuary  | Reached skill level 1 in Slings
  3525 | Ossuary  | Reached XP level 6. HP: 52/52 MP: 6/6
  3596 | Ossuary  | Reached skill level 1 in Spellcasting
  3947 | D:4      | Reached skill level 3 in Unarmed Combat
  4011 | D:4      | Killed Eustachio
  4012 | D:4      | Your scales start taking on an icy white colour.
  4012 | D:4      | Reached XP level 7. HP: 40/60 MP: 7/9
  4012 | D:4      | Gained mutation: Your flesh is cold resistant. (rC+) [White
                  | Draconian growth]
  4106 | D:4      | Killed Natasha
  4120 | D:4      | Reached * piety under Vehumet
  4120 | D:4      | Offered knowledge of Sandblast by Vehumet.
  4121 | D:4      | Reached skill level 5 in Fighting
  4174 | D:4      | Noticed Natasha
  4181 | D:4      | Killed Natasha
  4236 | D:4      | Noticed Natasha
  4250 | D:4      | Killed Natasha
  4349 | D:4      | Found a runed door.
  4519 | D:4      | Noticed Crazy Yiuf
  4530 | D:4      | Killed Crazy Yiuf
  4582 | D:5      | Entered Level 5 of the Dungeon
  4638 | D:4      | Reached XP level 8. HP: 65/70 MP: 11/11
  4673 | D:5      | Found a hide-covered altar of Uskayaw.
  5085 | D:5      | Reached skill level 5 in Dodging
  5312 | D:5      | Found a basalt altar of Yredelemnul.
  5492 | D:6      | Reached skill level 4 in Unarmed Combat
  5544 | D:6      | Found an iron altar of Okawaru.
  5679 | D:6      | Found a corrupted altar of Lugonu.
  5733 | D:6      | Noticed a komodo dragon
  5771 | D:6      | Reached XP level 9. HP: 52/82 MP: 13/13
  5774 | D:6      | Killed a komodo dragon
  5869 | D:6      | Found Nuitemuf's Armour Emporium.
  6030 | D:6      | Reached skill level 5 in Unarmed Combat
  6040 | D:6      | Offered knowledge of Shock by Vehumet.
  6092 | D:6      | Reached ** piety under Vehumet
  6250 | D:6      | Reached skill level 6 in Unarmed Combat
  6333 | D:6      | Found a hazy altar of Hepliaklqana.
  7111 | D:6      | Reached skill level 7 in Unarmed Combat
  7431 | D:7      | Offered knowledge of Ignite Poison by Vehumet.
  7562 | D:7      | Found a sparkling altar of Nemelex Xobeh.
  7563 | D:7      | Noticed a troll
  7577 | D:7      | Reached XP level 10. HP: 67/90 MP: 14/16
  7752 | D:7      | Found a staircase to the Lair.
  7843 | D:7      | Reached *** piety under Vehumet
  7853 | D:7      | Found a shimmering altar of Xom.
  8421 | D:8      | Reached skill level 8 in Unarmed Combat
  8736 | D:8      | Found Otidoc Baint's Antique Armour Boutique.
  8739 | D:8      | Bought a pair of embroidered boots for 120 gold pieces
  8749 | D:8      | Identified a +2 pair of boots of running (You bought it in
                  | a shop on level 8 of the Dungeon)
  8941 | D:8      | Found a white marble altar of Elyvilon.
  8968 | D:8      | Got a twisted spear
  9213 | D:8      | Offered knowledge of Sticky Flame by Vehumet.
  9237 | D:8      | Learned a level 4 spell: Sticky Flame
  9257 | D:8      | Found an ancient bone altar of Kikubaaqudgha.
  9292 | D:8      | Reached skill level 9 in Unarmed Combat
  9423 | D:8      | Found a sacrificial altar of Ru.
  9555 | D:9      | Reached skill level 1 in Conjurations
  9652 | D:9      | Noticed Erolcha
  9681 | D:9      | Killed Erolcha
  9681 | D:9      | Reached **** piety under Vehumet
  9682 | D:9      | Reached XP level 11. HP: 88/97 MP: 18/18
  9982 | D:9      | Found a shimmering blue altar of Sif Muna.
 10086 | D:9      | Found a glowing silver altar of Zin.
 10324 | D:9      | Noticed a centaur warrior
 10340 | D:9      | Killed a centaur warrior
 10341 | D:9      | Reached skill level 10 in Unarmed Combat
 10341 | D:9      | Reached skill level 5 in Spellcasting
 10488 | D:10     | Entered Level 10 of the Dungeon
 10551 | D:10     | Offered knowledge of Stone Arrow by Vehumet.
 10857 | D:10     | Found a staircase to the Orcish Mines.
 11263 | D:10     | Noticed a sea snake
 11323 | D:10     | Noticed a sea snake
 11654 | D:10     | Noticed a sea snake
 11981 | D:11     | Noticed a four-headed hydra
 11984 | D:11     | Reached skill level 11 in Unarmed Combat
 11998 | D:11     | Killed a four-headed hydra
 11999 | D:11     | Reached skill level 1 in Throwing
 12187 | D:11     | Noticed a vault guard
 12232 | D:11     | Noticed Sonja
 12303 | D:11     | Noticed a cyan ugly thing
 12333 | D:11     | Killed a cyan ugly thing
 12448 | D:11     | Learned a level 3 spell: Stone Arrow
 12471 | D:11     | Noticed a cyclops
 12473 | D:11     | Found a shimmering altar of Xom.
 12473 | D:11     | Found a shimmering altar of Xom.
 12473 | D:11     | Found a shimmering altar of Xom.
 12474 | D:11     | Found a shimmering altar of Xom.
 12476 | D:11     | Found a shimmering altar of Xom.
 12476 | D:11     | Found a shimmering altar of Xom.
 12483 | D:11     | Found a shimmering altar of Xom.
 12520 | D:11     | Noticed a wizard
 12539 | D:11     | Killed a vault guard
 12672 | Lair:1   | Entered Level 1 of the Lair of Beasts
 12675 | Lair:1   | Got a bloodstained short sword
 12676 | Lair:1   | Identified the +0 short sword "Death Rattle" {venom, rElec
                  | rF- MR+} (You found it on level 1 of the Lair of Beasts)
 12733 | Lair:1   | Reached XP level 12. HP: 87/106 MP: 20/20
 12748 | Lair:1   | Slain by a cane toad

Skill      XL: |  1  2  3  4  5  6  7  8  9 10 11 |
---------------+----------------------------------+-----
Dodging        | 3 4 5 6 7 8 |  8.3
Fighting       | 2 3 4 6 8 9 |  9.9
Unarmed Combat | 1 2 3 4 7 9 11 | 11.7
Slings         | 1 2 3 4 |  4.3
Spellcasting   | 1 2 3 4 5 |  5.8
Stealth        | 4 |  4.7
Conjurations   | 1 4 |  4.3
Throwing       | 1 |  1.2
Maces & Flails | |  1.0
Evocations     | |  0.1

Action                   |  1- 3 |  4- 6 |  7- 9 | 10-12 || total
-------------------------+-------+-------+-------+-------++-------
Melee: Unarmed           |   251 |   222 |   381 |   609 ||  1463
       Tailslap          |    29 |    37 |    46 |    87 ||   199
       Punch             |     1 |     3 |    10 |    28 ||    42
       Hunting sling     |       |       |       |     1 ||     1
 Fire: Blowgun           |    12 |    24 |   115 |     3 ||   154
       Hunting sling     |       |    75 |    49 |    84 ||   208
Throw: Tomahawk          |       |       |     8 |    25 ||    33
 Cast: Stone Arrow       |       |       |       |     6 ||     6
 Abil: Breathe Frost     |       |       |    23 |    13 ||    36
Evoke: Wand              |       |       |       |     1 ||     1
  Use: Scroll            |       |     9 |     1 |     6 ||    16
       Potion            |       |     4 |       |     2 ||     6
 Stab: Sleeping          |     6 |     2 |     2 |    11 ||    21
       Distracted        |       |       |       |     1 ||     1
  Eat: Chunk             |     9 |     8 |    21 |    21 ||    59
       Ration            |       |     2 |     2 |     4 ||     8
Armor: Skin              |   118 |   150 |   166 |   156 ||   590
Dodge: Dodged            |   205 |   468 |   494 |   477 ||  1644
